Map: [ESL] Goldenaura

Players

SKillous - Winner!

  • Race: Protoss Protoss
  • League: Grandmaster
  • Spawn Location: 5:00

Stephano

  • Race: Zerg Zerg
  • Spawn Location: 12:00

Event: HomeStory Cup XXIV

VOD

Have the link to the VOD?

Description

Time

  • Played on: Dec. 2, 2023, 7:10 a.m.
  • Length: 10:06

All games in this series

Show
View Real Time Build Order
Export as new Build Order

SKillous Protoss - Winner!

Build Orders: 1 Gate Expand, Oracle Opening 

Get SALT Encoding   

  12  0:00  Probe  
  13  0:14  Pylon  
  13  0:17  Probe (Chrono Boost)  
  14  0:27  Probe (Chrono Boost)  
  15  0:32  Probe (Chrono Boost)  
  16  0:38  Gateway  
  16  0:46  Probe  
  16  0:49  Assimilator  
  17  0:58  Probe  
  18  1:10  Probe  
  19  1:22  Probe  
  20  1:28  Nexus  
  20  1:36  Cybernetics Core  
  20  1:39  Probe  
  21  1:44  Assimilator  
  21  1:51  Probe  
  22  1:55  Pylon  
  22  2:03  Probe  
  23  2:11  Adept (Chrono Boost)  
  25  2:15  Probe  
  25  2:18  Stargate  
  26  2:28  Warp Gate  
  26  2:33  Adept, Probe (Chrono Boost)  
  29  2:40  Probe (Chrono Boost)  
  31  2:49  Probe x2 (Chrono Boost)  
  32  2:54  Probe (Chrono Boost)  
  32  2:55  Probe  
  34  2:59  Oracle (Chrono Boost)  
  37  3:05  Pylon  
  37  3:06  Probe  
  37  3:07  Probe  
  39  3:18  Probe  
  41  3:20  Probe  
  41  3:24  Gateway  
  41  3:26  Oracle (Chrono Boost)  
  41  3:30  Probe  
  41  3:32  Probe  
  46  3:42  Probe  
  46  3:44  Probe  
  48  3:53  Nexus  
  48  3:54  Probe  
  49  3:56  Oracle (Chrono Boost), Pylon  
  49  4:01  Probe  
  49  4:05  Assimilator  
  49  4:06  Assimilator  
  49  4:08  Probe  
  50  4:13  Probe, Pylon  
  51  4:17  Adept  
  51  4:19  Adept  
  55  4:25  Gateway  
  55  4:27  Probe  
  55  4:29  Shield Battery  
  56  4:36  Probe (Chrono Boost)  
  57  4:39  Twilight Council  
  57  4:40  Probe (Chrono Boost)  
  57  4:42  Forge  
  58  4:48  Probe (Chrono Boost)  
  60  4:56  Stalker x2  
  60  4:57  Probe x2 (Chrono Boost)  
  65  5:03  Probe x2  
  67  5:08  Blink (Chrono Boost)  
  67  5:10  Probe  
  65  5:15  Probe x2  
  65  5:17  Protoss Ground Weapons Level 1 (Chrono Boost)  
  65  5:18  Gateway  
  67  5:22  Gateway, Probe  
  67  5:25  Robotics Facility  
  67  5:27  Probe x2  
  70  5:34  Probe  
  70  5:35  Stalker  
  73  5:36  Stalker  
  73  5:39  Probe x2  
  73  5:41  Assimilator  
  77  5:43  Pylon  
  77  5:46  Assimilator, Probe  
  78  5:51  Probe x2  
  80  5:57  Pylon  
  80  5:58  Probe  
  80  6:02  Stalker x2  
  80  6:03  Probe  
  80  6:04  Pylon, Probe  
  87  6:11  Probe  
  88  6:12  Robotics Bay  
  88  6:14  Observer  
  88  6:15  Robotics Facility, Probe  
  90  6:19  Stalker x2  
  94  6:30  Stalker x2  
  96  6:36  Gateway  
  96  6:38  Gateway  
  96  6:41  Warp Prism (Chrono Boost)  
  96  6:44  Gateway  
  96  6:46  Stalker x2  
  102  6:51  Pylon  
  102  6:52  Pylon  
  108  7:12  Colossus (Chrono Boost)  
  108  7:13  Colossus (Chrono Boost)  
  114  7:17  Extended Thermal Lance (Chrono Boost)  
  114  7:21  Protoss Ground Weapons Level 2 (Chrono Boost)  
  114  7:24  Stalker x4  
  114  7:28  Pylon  
  114  7:29  Pylon  
  122  7:39  Gateway  
  122  7:46  Pylon  
  122  7:48  Stalker x7  
  136  7:52  Pylon  
  136  7:53  Pylon  
  136  7:57  Pylon  
  136  8:03  Colossus  
  142  8:08  Colossus  
  148  8:27  Stalker x6  
  152  8:33  Pylon  
  160  8:34  Pylon  
  158  8:50  Stalker x7  
  172  8:57  Pylon  
  172  8:59  Pylon  
  172  9:06  Stalker  
  174  9:16  Stalker x6  
  186  9:18  Stalker  
  188  9:33  Stalker  
  188  9:42  Nexus  
  196  9:59  Photon Cannon  
  196  10:00  Pylon  
Show
View Real Time Build Order
Export as new Build Order

Stephano Zerg 

Build Orders: Hatch First 

Get SALT Encoding   

  12  0:00  Drone  
  13  0:08  Drone  
  14  0:33  Hatchery  
  13  0:36  Drone  
  14  0:44  Overlord  
  14  0:50  Extractor, Drone  
  15  1:02  Drone x2  
  17  1:10  Extractor  
  16  1:16  Spawning Pool  
  15  1:19  Drone  
  15  1:22  Drone  
  17  1:30  Drone  
  18  1:42  Drone  
  18  1:46  Drone  
  20  1:53  Drone  
  21  1:58  Drone  
  22  2:03  Queen x2  
  22  2:04  Zergling x2  
  27  2:09  Overlord  
  27  2:18  Drone  
  28  2:34  Drone x2  
  28  2:36  Hatchery  
  29  2:37  Drone  
  29  2:44  Queen  
  30  2:48  Metabolic Boost  
  32  2:54  Overlord  
  32  2:57  Zergling x2  
  33  3:00  Drone x2  
  36  3:05  Drone  
  36  3:12  Drone x2  
  38  3:13  Drone  
  38  3:14  Drone  
  38  3:16  Drone x2  
  42  3:22  Zergling x4  
  44  3:38  Drone  
  44  3:45  Drone  
  44  3:47  Queen  
  44  3:50  Drone x7  
  47  3:56  Drone x4  
  47  4:01  Overlord  
  50  4:06  Spore Crawler  
  49  4:11  Spore Crawler  
  49  4:13  Drone x2  
  49  4:14  Spore Crawler  
  49  4:17  Drone  
  49  4:18  Overlord  
  49  4:20  Drone  
  49  4:23  Drone  
  52  4:27  Drone x2  
  53  4:36  Drone x4  
  53  4:37  Drone  
  55  4:39  Queen  
  55  4:43  Drone  
  58  4:47  Overlord  
  58  4:49  Zergling x2  
  59  4:56  Drone x3  
  62  5:01  Lair  
  62  5:04  Extractor, Roach Warren  
  62  5:05  Extractor  
  59  5:14  Drone x7  
  58  5:17  Drone  
  58  5:20  Queen, Overlord  
  61  5:23  Evolution Chamber  
  60  5:28  Overlord  
  60  5:34  Drone x2  
  61  5:42  Hatchery  
  60  5:49  Zergling x8  
  64  5:51  Drone x4, Extractor  
  64  5:52  Zerg Missile Weapons Level 1, Extractor  
  64  5:56  Drone x3  
  69  6:06  Roach  
  69  6:07  Roach x5  
  81  6:12  Overlord  
  81  6:18  Overlord  
  81  6:21  Overlord  
  81  6:25  Overlord  
  80  6:27  Overlord  
  78  6:33  Overlord  
  78  6:36  Glial Reconstitution  
  78  6:39  Roach x6  
  90  6:40  Overlord  
  90  6:44  Overlord  
  89  6:48  Ravager x3  
  89  6:49  Drone x3  
  95  6:55  Drone x4  
  95  6:57  Roach  
  98  7:05  Roach  
  98  7:06  Roach x3  
  106  7:10  Drone x2, Spore Crawler  
  106  7:13  Drone x2  
  106  7:18  Drone x4  
  109  7:23  Overlord  
  109  7:29  Overlord x2  
  109  7:33  Spore Crawler  
  109  7:34  Roach x2  
  112  7:43  Ravager x2  
  114  7:44  Roach  
  114  7:45  Roach x4  
  114  7:50  Drone x3  
  114  7:51  Drone x3  
  130  8:01  Drone x2  
  130  8:02  Roach x4  
  136  8:08  Roach x3  
  136  8:11  Ravager x2  
  144  8:17  Roach x5  
  144  8:20  Roach x2  
  144  8:25  Roach x2  
  152  8:30  Overlord  
  152  8:31  Overlord x3  
  152  8:38  Roach  
  152  8:40  Overlord  
  144  8:48  Roach  
  144  8:49  Roach x7  
  144  8:52  Roach  
  144  8:53  Roach x4  
  166  8:57  Roach  
  166  8:58  Roach x2  
  166  9:02  Roach x4  
  178  9:09  Roach  
  184  9:10  Roach x3  
  184  9:16  Roach x5  
  176  9:25  Roach x4  
  176  9:26  Overlord, Ravager x2  
  176  9:27  Overlord  
  172  9:32  Roach x4  
  180  9:40  Roach  
  180  9:43  Roach  
Tags
 
Add a new tag
Caveats
  • Supply blocks, unpowered buildings, or Contaminate may cause inaccurate times.
  • Supply counts are checked every 10 seconds.